 Dungeon Crawl Stone Soup version 0.27-a0-1312-g5cdb2b3542 (webtiles) character file.

Game seed: 10716562943819502506

4627 Demosthentine the Spear-Bearer (level 10, -2/80 HPs)
             Began as a Merfolk Gladiator on June 20, 2021.
             Was a Believer of the Shining One.
             Killed from afar by a steam dragon (19 damage)
             ... with a ball of steam
             ... on level 8 of the Dungeon.
             The game lasted 00:13:16 (11034 turns).

Demosthentine the Spear-Bearer (Merfolk Gladiator) Turns: 11034, Time: 00:13:17

Health: -2/80      AC:  9    Str: 25    XL:     10   Next: 42%
Magic:  10/10      EV: 17    Int:  4    God:    the Shining One [**....]
Gold:   612        SH:  5    Dex: 16    Spells: 9/9 levels left

rFire    . . .     SeeInvis +   a - +1 trident
rCold    + + +     Faith    .   (no shield)
rNeg     + . .     Spirit   .   b - +0 leather armour
rPois    .         Reflect  +   c - +1 helmet
rElec    .         Harm     .   v - +2 cloak
rCorr    +         Rampage  .   (no gloves)
Will     .....                  (no boots)
Stlth    +.........             j - amulet of reflection
HPRegen  0.23/turn              E - ring of Wutir {Drain rC+++ Str+8 Int-4 SInv}
MPRegen  0.12/turn              i - ring of resist corrosion

@: glowing, studying Dodging
A: (nimble swimmer 2), mertail
a: Renounce Religion, Divine Shield


You were on level 8 of the Dungeon.
You worshipped the Shining One.
The Shining One was pleased with you.
You visited 2 branches of the dungeon, and saw 10 of its levels.
You also visited: Sewer.

You collected 2150 gold pieces.
You spent 1538 gold pieces at shops.

Inventory:

Hand Weapons
 a - a +1 trident (weapon)
Missiles
 d - 3 throwing nets (quivered)
Armour
 b - a +0 leather armour (worn)
 c - a +1 helmet (worn)
 v - a +2 cloak (worn)
 x - a +0 buckler
Jewellery
 i - a ring of resist corrosion (right hand)
 j - an amulet of reflection (around neck)
 A - an amulet of regeneration
 B - a +6 ring of strength
 E - the ring of Wutir (left hand) {Drain rC+++ Str+8 Int-4 SInv}
   (You acquired it on level 1 of the Dungeon)

   [ring of see invisible]

   It affects your strength (+8).
   It affects your intelligence (-4).
   It renders you almost immune to cold.
   It lets you see invisible.
   It drains your maximum health when unequipped.
Wands
 r - a wand of acid (8)
 u - a wand of iceblast (31)
Scrolls
 n - 3 scrolls of amnesia
 s - 5 scrolls of teleportation
 w - a scroll of blinking
 y - a scroll of enchant weapon
 D - a scroll of fog
Potions
 f - 10 potions of curing
 h - 2 potions of resistance
 k - 4 potions of brilliance {unknown}
 l - 2 potions of lignification
 m - 4 potions of heal wounds
 o - a potion of flight
 p - 4 potions of might
 q - 2 potions of attraction
 z - 2 potions of mutation {unknown}


   Skills:
 + Level 8.3 Fighting
 + Level 11.0 Polearms
 - Level 2.0 Throwing
 + Level 5.3 Armour
 + Level 10.3 Dodging
 + Level 3.5 Shields


You had 9 spell levels left.
You didn't know any spells.
Your spell library contained the following spells:

 Spells                   Type           Power      Damage    Failure   Level
 Beastly Appendage        Tmut           0%         N/A       54%         1
 Freeze                   Ice            0%         1d3       54%         1
 Magic Dart               Conj           0%         1d3       54%         1
 Searing Ray              Conj           0%         3d3       67%         2
 Wereblood                Tmut           0%         N/A       67%         2
 Dazzling Flash           Conj/Hex       0%         N/A       88%         3
 Frozen Ramparts          Ice            0%         1d2       88%         3
 Ozocubu's Armour         Ice            0%         N/A       88%         3
 Spider Form              Tmut/Pois      0%         N/A       88%         3
 Fulminant Prism          Conj/Hex       0%         3d6       99%         4
 Hailstorm                Conj/Ice       0%         3d3       99%         4
 Ice Form                 Ice/Tmut       0%         N/A       99%         4
 Iskenderun's Mystic Bla  Conj/Tloc      0%         2d3       99%         4
 Metabolic Englaciation   Hex/Ice        0%         N/A       100%        5


Dungeon Overview and Level Annotations

Branches:
Dungeon (9/15)             Temple (1/1) D:4           Sewer (visited)
   Lair: D:8-11         Orc: D:9-12

Altars:
Ashenzari
Cheibriados
Dithmenos
Elyvilon
Fedhas
Gozag
Hepliaklqana
Kikubaaqudgha
Makhleb
Nemelex Xobeh
Okawaru
Qazlal
Ru
Trog
Uskayaw
Vehumet
Wu Jian
Zin
The Shining One

Shops:
D:1 :   D:6 *

Annotations:
D:6 exclusion: oklob plant


Innate Abilities, Weirdness & Mutations

((You are quick and stealthy near water. (Stealth+, EV+, Speed+++)))
Your lower body shifts to a powerful aquatic tail in water.


Message History

You puncture the steam dragon!
The steam dragon is severely wounded.
The steam dragon closely misses you. The steam dragon claws you.
You hit the steam dragon.
The steam dragon is severely wounded.
The steam dragon breathes steam at you. The ball of steam misses you.
You hit the steam dragon but do no damage.
The steam dragon is severely wounded.
You are engulfed in a cloud of scalding steam.
You hit the steam dragon.
The steam dragon is almost dead.
You are engulfed in a cloud of scalding steam.
The steam dragon breathes steam at you. The ball of steam misses you.
You are too injured to fight recklessly!
You are too injured to fight recklessly!
You are too injured to fight recklessly!
You hit the steam dragon but do no damage.
The steam dragon is almost dead.
You are engulfed in a cloud of scalding steam.
The steam dragon misses you. The steam dragon barely misses you.
You barely miss the steam dragon.
The steam dragon is almost dead.
You are engulfed in a cloud of scalding steam.
You hit the steam dragon.
The steam dragon is almost dead.
You are engulfed in a cloud of scalding steam.
* * * LOW HITPOINT WARNING * * *
The steam dragon bites you.
* * * LOW HITPOINT WARNING * * *
You block the steam dragon's attack.
The steam dragon bites you but does no damage.
The steam dragon misses you.
Unknown command.
You barely miss the steam dragon.
The steam dragon is almost dead.
The steam dragon breathes steam at you. The ball of steam hits you!!
You die...

#....# #...## #...#
#...# #...# #...#
..############# #...#
.......D......#####...#
#......@..............#
###..#####............##
## ####..........#
##.......... #..........
#.....##... #....######
##....# ###....##


You could see a steam dragon (catching breath).

Vanquished Creatures
  Pikel (D:7)
  Maggie (D:7)
  Prince Ribbit (D:6)
  Menkaure (D:7)
  2 steam dragons (D:7)
  Duvessa (D:7)
  An orc warrior (D:8)
  4 water moccasins
  3 black bears
  An ice beast (D:3)
  A sky beast (D:6)
  2 ogres (D:4)
  3 necrophages
  A centaur (D:7)
  A lemure (D:7)
  A kobold brigand (Sewer)
  A bullfrog (D:7)
  A gnoll sergeant (D:6)
  3 scorpions
  A wyvern zombie (D:4)
  A wyvern skeleton (D:7)
  A water moccasin skeleton (D:5)
  Dowan (D:7)
  2 howler monkeys
  A bullfrog zombie (D:5)
  A centaur zombie (D:5)
  8 jellies
  3 orc priests
  2 hounds
  A centaur skeleton (D:7)
  A bullfrog skeleton (D:4)
  A gnoll shaman (D:6)
  2 iguanas
  An orc wizard (D:7)
  A killer bee zombie (D:8)
  A howler monkey skeleton (D:6)
  13 gnolls
  9 adders
  5 river rats (Sewer)
  A shadow imp (D:6)
  5 worms
  15 orcs
  10 ball pythons
  22 endoplasms
  A giant cockroach (D:2)
  3 goblins
  9 hobgoblins
  7 jackals
  29 kobolds
  4 quokkas
  8 bats
  4 frilled lizards
  23 rats
227 creatures vanquished.

Vanquished Creatures (others)
  A jelly (D:4)
  7 fungi (D:6)
  5 plants (D:1)
13 creatures vanquished.

Grand Total: 240 creatures vanquished

Notes
Turn   | Place    | Note
-------+----------+-------------------------------------------
     0 | D:1      | Demosthentine the Merfolk Gladiator began the quest for the
                  | Orb.
     0 | D:1      | Reached XP level 1. HP: 16/16 MP: 1/1
   128 | D:1      | Reached XP level 2. HP: 9/23 MP: 2/2
   377 | D:1      | Found Ynuakaar's Book Shoppe.
   870 | D:1      | Reached XP level 3. HP: 28/28 MP: 3/3
  1264 | D:2      | Reached skill level 5 in Polearms
  1264 | D:2      | Reached skill level 1 in Armour
  1774 | D:2      | Reached XP level 4. HP: 31/35 MP: 4/4
  2306 | D:3      | Noticed a black bear
  2324 | D:3      | Killed a black bear
  2325 | D:3      | Reached skill level 5 in Dodging
  2325 | D:3      | Reached XP level 5. HP: 4/41 MP: 5/5
  2508 | D:3      | Reached skill level 6 in Polearms
  2508 | D:3      | Reached XP level 6. HP: 10/48 MP: 6/6
  2683 | D:3      | Found a faded altar of an unknown god.
  2715 | D:3      | Found a glowing drain.
  2727 | Sewer    | Entered a sewer
  3594 | Sewer    | Reached XP level 7. HP: 48/55 MP: 7/7
  4395 | D:4      | Reached skill level 7 in Polearms
  4469 | D:4      | Found a sparkling altar of Nemelex Xobeh.
  4469 | D:4      | Found a bloodstained altar of Trog.
  4471 | D:4      | Found an iron altar of Okawaru.
  4585 | D:4      | Reached skill level 5 in Fighting
  5127 | D:4      | Reached XP level 8. HP: 62/62 MP: 8/8
  5186 | D:4      | Found a staircase to the Ecumenical Temple.
  5247 | Temple   | Entered the Ecumenical Temple
  5291 | Temple   | Became a worshipper of the Shining One
  5836 | D:4      | Reached skill level 8 in Polearms
  5844 | D:4      | Found an ancient bone altar of Kikubaaqudgha.
  5978 | D:5      | Entered Level 5 of the Dungeon
  7028 | D:6      | Reached skill level 9 in Polearms
  7033 | D:6      | Reached XP level 9. HP: 39/71 MP: 9/9
  7262 | D:6      | Noticed Prince Ribbit
  7277 | D:6      | Killed Prince Ribbit
  7321 | D:6      | Found Raogeitt's General Store.
  7678 | D:6      | Bought a throwing net for 39 gold pieces
  7678 | D:6      | Bought a scroll of blinking for 97 gold pieces
  7678 | D:6      | Bought a scroll of identify for 26 gold pieces
  7678 | D:6      | Bought a potion of might for 52 gold pieces
  7800 | D:6      | Reached * piety under the Shining One
  8065 | D:6      | Noticed an oklob plant
  8709 | D:7      | Noticed Pikel
  8729 | D:7      | Killed Pikel
  8730 | D:7      | Reached skill level 10 in Polearms
  8730 | D:7      | Reached skill level 1 in Shields
  9142 | D:7      | Reached XP level 10. HP: 69/80 MP: 10/10
  9188 | D:7      | Found an ornate altar of the Wu Jian Council.
  9191 | D:7      | Found a broken altar of Ashenzari.
  9547 | D:7      | Noticed Dowan
  9555 | D:7      | Reached skill level 5 in Armour
  9558 | D:7      | Noticed Duvessa
  9562 | D:7      | Killed Dowan
  9563 | D:7      | Noticed Menkaure
  9576 | D:7      | Killed Duvessa
  9581 | D:7      | Killed Menkaure
  9822 | D:7      | Noticed Maggie
  9846 | D:7      | Killed Maggie
  9847 | D:7      | Reached skill level 10 in Dodging
 10398 | D:7      | Identified 3 scrolls of acquirement
 10398 | D:7      | Acquired 1273 gold pieces
 10505 | D:1      | Bought a manual of Dodging for 1324 gold pieces
 10505 | D:1      | Acquired the ring of Wutir {Drain rC+++ Str+8 Int-4 SInv}
 10511 | D:1      | Acquired 473 gold pieces
 10700 | D:8      | Reached skill level 11 in Polearms
 10715 | D:8      | You fall into a shaft and drop 1 floor!
 10822 | D:9      | Reached ** piety under the Shining One
 11034 | D:8      | Killed from afar by a steam dragon

Illustrated notes

Levels and vault maps discovered:
D:1:      lemuel_arrival_broad_hall, layout_loops_ring, serial_shops,
          nicolae_shop_statue_plus, lexackson_kobold_supper
D:2:      cheibrodos_pilgrimage, layout_loops_corners, minmay_bisected
D:3:      layout_loops_ring, hellmonk_ecumenical_altar_inner_sanctum,
          portal_sewer_entry_d, minmay_close_crescents
D:4:      layout_gridville, lemuel_coloured_pillars_altar,
          gammafunk_temple_overflow_claw, minmay_temple_entry_glassed_door,
          lemuel_old_faithful
D:5:      wander_river, layout_gridville, minmay_misc_feat_tower,
          lemuel_flamethrower_2
D:6:      lemuel_slime, layout_basic, serial_shops, nicolae_inconvenience_store,
          uniq_prince_ribbit1
D:7:      layout_loops_ring, jmf_multi_god_temple, uniq_pikel, uniq_duvessa,
          uniq_menkaure, uniq_maggie
D:8:      kennysheep_six_static_rooms, layout_layer_cave, xom_shifter_show
D:9:      layout_cave_pods, dpeg_oklobed_lair
Temple:   cyrus_circular_temple

Skill      XL: |  1  2  3  4  5  6  7  8  9 10 |
---------------+-------------------------------+-----
Polearms       | 5 6 7 9 10 11 | 11.0
Armour         | 1 2 3 4 5 |  5.3
Fighting       | 3 4 5 6 7 8 |  8.3
Dodging        | 5 6 7 8 9 10 | 10.3
Shields        | 2 3 |  3.5
Throwing       | |  2.0

Action                   |  1- 3 |  4- 6 |  7- 9 | 10-12 || total
-------------------------+-------+-------+-------+-------++-------
Melee: Trident           |   129 |   221 |   497 |   142 ||   989
Throw: Throwing net      |       |     3 |     2 |     1 ||     6
  Use: Scroll            |     2 |     7 |     6 |     3 ||    18
       Potion            |     1 |       |     1 |     2 ||     4
 Stab: Sleeping          |     1 |     2 |     1 |       ||     4
       Held in net/web   |       |     1 |       |       ||     1
Armor: Leather armour    |    28 |    34 |    71 |    15 ||   148
Dodge: Dodged            |    59 |   156 |   172 |    64 ||   451
Block: Other             |       |    24 |    50 |    21 ||    95
       Reflection        |       |     1 |       |     1 ||     2

Table legend: (Time is in decaauts)
 A = Elapsed time spent in this place.
 B = Non-inter-level travel time spent in this place.
 C = Inter-level travel time spent in this place.
 D = Time resting spent in this place.
 E = Time spent auto-exploring this place.
 F = Levels seen in this place.
 G = Mean time per level.
                   A        B        C        D        E       F      G
               +--------+--------+--------+--------+--------+-----+--------+
         Total |  10840 |  10415 |    425 |    459 |   8153 |  11 |  985.5 |
       Dungeon |   9767 |   9343 |    424 |    459 |   7315 |   9 | 1085.2 |
        Temple |     98 |     98 |      0 |      0 |     86 |   1 |   98.0 |
         Sewer |    974 |    974 |      0 |      0 |    751 |   1 |  974.0 |
               +--------+--------+--------+--------+--------+-----+--------+

Top non-repeatable levels by time:
     D:6: 1964 daAuts
     D:7: 1599 daAuts
     D:4: 1542 daAuts
     D:2: 1247 daAuts
     D:1: 1142 daAuts
     D:3: 1022 daAuts
   Sewer: 974 daAuts
     D:5: 904 daAuts
     D:8: 221 daAuts
     D:9: 122 daAuts
  Temple: 98 daAuts
